AA
MEDFORD ALOUETTES @ ST. PAUL SAINTS
06/19/2098
 
TOP OF THE 1ST
Cleburne Railroaders batting - Pitching for Bakersfield Otters : RHP Juan Velasquez
Pitching: RHP Juan Velasquez
Batting: RHB John Althoff 0-0: Foul Ball, location: 9LDF
0-1: Ball
1-1: Called Strike
1-2: Foul Ball, location: 2F
1-2: Fly out, F9 (Flyball, 9LD, EV 106.9 MPH)
Batting: RHB Ryan Hewitt 0-0: Ground out 1-3 (Groundball, 13S, EV 68.8 MPH)
Batting: SHB Jeff Laster 0-0: Fly out, F7 (Flyball, 78M, EV 93.1 MPH)
Top of the 1st over - 0 runs, 0 hits, 0 errors, 0 left on base; Cleburne 0 - Bakersfield 0
BOTTOM OF THE 1ST
Bakersfield Otters batting - Pitching for Cleburne Railroaders : RHP Mario Lugo
Pitching: RHP Mario Lugo
Batting: LHB Bobby Trevino 0-0: Ball
1-0: Ball
2-0: Ball
3-0: Base on Balls
Batting: RHB Jesse Dykstra 0-0: Fly out, F9 (Flyball, 9, EV 83.1 MPH)
Batting: RHB Juan Pena 0-0: Foul Ball, location: 3F
0-1: Called Strike
0-2: Strikes out swinging
Batting: RHB Alex Morales 0-0: Called Strike
0-1: Ball
1-1: Ball
2-1: Foul Ball, location: 2F
2-2: Strikes out swinging
Bottom of the 1st over - 0 runs, 0 hits, 0 errors, 1 left on base; Cleburne 0 - Bakersfield 0
TOP OF THE 2ND
Cleburne Railroaders batting - Pitching for Bakersfield Otters : RHP Juan Velasquez
Batting: LHB Dave Angulo 0-0: Swinging Strike
0-1: Ball
1-1: Ball
2-1: Foul Ball, location: 2LF
2-2: Ball
3-2: Base on Balls
Batting: RHB Juan Resto 0-0: Called Strike
0-1: Ball
1-1: Foul Ball, location: 2F
1-2: Foul Ball, location: 5F
1-2: Foul Ball, location: 2F
1-2: SINGLE (Groundball, 34D, EV 102.5 MPH)
Dave Angulo to second
Runner from 2nd tries for 3rd, SAFE, no throw by RF
Batting: RHB Bob Reeder 0-0: Ball
1-0: Hit by Pitch
Juan Resto to second
Batting: RHB Dave Eddins 0-0: Called Strike
0-1: Swinging Strike
0-2: Ball
1-2: Foul Ball, location: 5FF
1-2: Ball
2-2: Foul Ball, location: 25F
2-2: Ball
3-2: Foul Ball, location: 5FF
3-2: Foul Ball, location: 3FF
3-2: Grounds into double play, 5-4-3 (Groundball, 56, EV 78.8 MPH)
Dave Angulo scores
Juan Resto to third
Batting: RHB Barry Gainey 0-0: Called Strike
0-1: Ball
1-1: Swinging Strike
1-2: Fly out, F7 (Flyball, 78S, EV 80.0 MPH)
Top of the 2nd over - 1 run, 1 hit, 0 errors, 1 left on base; Cleburne 1 - Bakersfield 0
BOTTOM OF THE 2ND
Bakersfield Otters batting - Pitching for Cleburne Railroaders : RHP Mario Lugo
Batting: RHB Brandon Walls 0-0: Called Strike
0-1: Swinging Strike
0-2: Ball
1-2: Ball
2-2: Strikes out swinging
Batting: RHB Stanley Griffin 0-0: Swinging Strike
0-1: Ball
1-1: SINGLE (Line Drive, 9S, EV 110.0 MPH)
Batting: RHB Javier Villasana 0-0: Called Strike
0-1: Foul Ball, location: 2F
0-2: Foul Ball, location: 23F
0-2: Ball
1-2: Ball
2-2: Ball
3-2: DOUBLE (Line Drive, 78XD, EV 98.1 MPH)
Stanley Griffin to third
Batting: RHB Bobby Ingram 0-0: Foul Ball, location: 9LSF
0-1: Ball
1-1: Ground out 5-3 (Groundball, 56, EV 99.4 MPH)
Stanley Griffin scores
Javier Villasana to third
Batting: RHB Kyle Bausch 0-0: Ball
1-0: Fly out, F8 (Line Drive, 8RM, EV 97.5 MPH)
Bottom of the 2nd over - 1 run, 2 hits, 0 errors, 1 left on base; Cleburne 1 - Bakersfield 1
TOP OF THE 3RD
Cleburne Railroaders batting - Pitching for Bakersfield Otters : RHP Juan Velasquez
Batting: RHB Tristan Curry 0-0: DOUBLE (Line Drive, 9LM, EV 108.1 MPH)
Batting: RHB John Althoff 0-0: Called Strike
0-1: Swinging Strike
0-2: Strikes out looking
Batting: RHB Ryan Hewitt 0-0: Swinging Strike
0-1: Fly out, F7 (Flyball, 78M, EV 91.3 MPH)
Batting: SHB Jeff Laster 0-0: Called Strike
0-1: Ball
1-1: SINGLE (Groundball, 6MD, EV 103.1 MPH)
Tristan Curry to third
Runner from 3rd tries for Home, SAFE, throw by CF to home
Batting: LHB Dave Angulo 0-0: Ball
1-0: Ball
2-0: Called Strike
2-1: Ball
3-1: Base on Balls
Jeff Laster to second
Batting: RHB Juan Resto 0-0: Ball
1-0: Ball
2-0: Called Strike
2-1: Ball
3-1: Base on Balls
Jeff Laster to third
Dave Angulo to second
Batting: RHB Bob Reeder 0-0: Ball
1-0: Called Strike
1-1: Foul Ball, location: 5SF
1-2: Strikes out swinging
Top of the 3rd over - 1 run, 2 hits, 0 errors, 3 left on base; Cleburne 2 - Bakersfield 1
BOTTOM OF THE 3RD
Bakersfield Otters batting - Pitching for Cleburne Railroaders : RHP Mario Lugo
Batting: LHB Bobby Trevino 0-0: Ground out 1-3 (Groundball, 34S, EV 61.3 MPH)
Batting: RHB Jesse Dykstra 0-0: Ball
1-0: Ball
2-0: Foul Ball, location: 9LMF
2-1: DOUBLE (Groundball, 5L, EV 106.3 MPH)
Batting: RHB Juan Pena 0-0: Called Strike
0-1: Swinging Strike
0-2: Strikes out swinging
Batting: RHB Alex Morales 0-0: Ground out 3-1 (Groundball, 34, EV 108.1 MPH)
Bottom of the 3rd over - 0 runs, 1 hit, 0 errors, 1 left on base; Cleburne 2 - Bakersfield 1
TOP OF THE 4TH
Cleburne Railroaders batting - Pitching for Bakersfield Otters : RHP Juan Velasquez
Batting: RHB Dave Eddins 0-0: Ball
1-0: Foul Ball, location: 25F
1-1: Foul Ball, location: 2F
1-2: Ball
2-2: SINGLE (Groundball, 2L, EV 71.9 MPH) (infield hit)
Batting: RHB Barry Gainey 0-0: Ball
1-0: Ball
2-0: Swinging Strike
2-1: Ball
3-1: Fly out, F8 (Flyball, 8RXD, EV 91.3 MPH)
Batting: RHB Tristan Curry 0-0: Ground out 6-3 (Groundball, P, EV 77.5 MPH)
Dave Eddins to second
Batting: RHB John Althoff 0-0: Foul Ball, location: 5FF
0-1: Foul Ball, location: 23F
0-2: Ball
1-2: Foul Ball, location: 9LSF
1-2: Strikes out swinging
Top of the 4th over - 0 runs, 1 hit, 0 errors, 1 left on base; Cleburne 2 - Bakersfield 1
BOTTOM OF THE 4TH
Bakersfield Otters batting - Pitching for Cleburne Railroaders : RHP Mario Lugo
Batting: RHB Brandon Walls 0-0: Ball
1-0: Foul Ball, location: 2F
1-1: Called Strike
1-2: Ground out 4-3 (Groundball, 4, EV 87.5 MPH)
Batting: RHB Stanley Griffin 0-0: Foul Ball, location: 23F
0-1: Ball
1-1: Swinging Strike
1-2: Ball
2-2: Ball
3-2: SINGLE (Line Drive, 9LS, EV 97.5 MPH)
Batting: RHB Javier Villasana 0-0: Swinging Strike
0-1: Swinging Strike
0-2: Foul Ball, location: 2F
0-2: Grounds into double play, 6-4-3 (Groundball, 56, EV 91.3 MPH)
Bottom of the 4th over - 0 runs, 1 hit, 0 errors, 0 left on base; Cleburne 2 - Bakersfield 1
TOP OF THE 5TH
Cleburne Railroaders batting - Pitching for Bakersfield Otters : RHP Juan Velasquez
Batting: RHB Ryan Hewitt 0-0: Ground out 3-1 (Groundball, 34S, EV 106.9 MPH)
Batting: SHB Jeff Laster 0-0: Ball
1-0: Ball
2-0: Called Strike
2-1: Ball
3-1: Foul Ball, location: 5F
3-2: Foul Ball, location: 2F
3-2: Base on Balls
Pitching: RHP Mark Perkins
Batting: LHB Dave Angulo 0-0: Fly out, F8 (Flyball, 8RM, EV 97.5 MPH)
Batting: RHB Juan Resto 0-0: Ball
1-0: Foul Ball, location: 9LSF
1-1: Foul Ball, location: 2F
1-2: Ball
2-2: Ball
3-2: Ground out 1-3 (Groundball, 34S, EV 66.3 MPH)
Top of the 5th over - 0 runs, 0 hits, 0 errors, 1 left on base; Cleburne 2 - Bakersfield 1
BOTTOM OF THE 5TH
Bakersfield Otters batting - Pitching for Cleburne Railroaders : RHP Mario Lugo
Batting: RHB Bobby Ingram 0-0: Ball
1-0: Swinging Strike
1-1: Ball
2-1: Foul Ball, location: 2LF
2-2: Strikes out swinging
Batting: RHB Kyle Bausch 0-0: Ball
1-0: Ground out 4-3 (Groundball, 4, EV 85.0 MPH)
Batting: LHB Bobby Trevino 0-0: SINGLE (Flyball, 89S, EV 96.3 MPH)
Batting: RHB Jesse Dykstra 0-0: Called Strike
0-1: Ball
1-1: Ball
2-1: Ball
Bobby Trevino steals 2nd base (no throw)
3-1: Foul Ball, location: 9LSFF
3-2: Foul Ball, location: 3F
3-2: Strikes out swinging
Bottom of the 5th over - 0 runs, 1 hit, 0 errors, 1 left on base; Cleburne 2 - Bakersfield 1
TOP OF THE 6TH
Cleburne Railroaders batting - Pitching for Bakersfield Otters : RHP Mark Perkins
Batting: RHB Bob Reeder 0-0: Fly out, F5 (Popup, 56S, EV 72.5 MPH)
Batting: RHB Dave Eddins 0-0: Ball
1-0: Called Strike
1-1: Ground out 6-3 (Groundball, 6S, EV 74.4 MPH)
Batting: RHB Barry Gainey 0-0: Foul Ball, location: 2F
0-1: Swinging Strike
0-2: Fly out, F8 (Flyball, 8RXD, EV 74.4 MPH)
Top of the 6th over - 0 runs, 0 hits, 0 errors, 0 left on base; Cleburne 2 - Bakersfield 1
BOTTOM OF THE 6TH
Bakersfield Otters batting - Pitching for Cleburne Railroaders : RHP Mario Lugo
Batting: RHB Juan Pena 0-0: Called Strike
0-1: Swinging Strike
0-2: Ball
1-2: Strikes out looking
Batting: RHB Alex Morales 0-0: SINGLE (Line Drive, 5D, EV 64.4 MPH)
Batting: RHB Brandon Walls 0-0: Foul Ball, location: 7LDF
0-1: Foul Ball, location: 23F
0-2: Grounds into double play, 6-4-3 (Groundball, 6, EV 105.0 MPH)
Bottom of the 6th over - 0 runs, 1 hit, 0 errors, 0 left on base; Cleburne 2 - Bakersfield 1
TOP OF THE 7TH
Cleburne Railroaders batting - Pitching for Bakersfield Otters : RHP Mark Perkins
Pinch Hitting: SHB Oscar Rosario 0-0: Called Strike
0-1: Swinging Strike
0-2: Strikes out looking
Batting: RHB John Althoff 0-0: Called Strike
0-1: Ball
1-1: Called Strike
1-2: SINGLE (Line Drive, 7LS, EV 105.6 MPH)
Batting: RHB Ryan Hewitt 0-0: Ball
1-0: Called Strike
1-1: Called Strike
1-2: Ball
John Althoff steals 2nd base
2-2: Strikes out swinging
Batting: SHB Jeff Laster 0-0: Intentional Walk
Batting: LHB Dave Angulo 0-0: Ground out 4-3 (Groundball, 4, EV 105.0 MPH)
Top of the 7th over - 0 runs, 1 hit, 0 errors, 2 left on base; Cleburne 2 - Bakersfield 1
BOTTOM OF THE 7TH
Bakersfield Otters batting - Pitching for Cleburne Railroaders : RHP Mario Lugo
Now at 2B: Hi-yuan Fan
Now at SS: Dave Eddins
Batting: RHB Stanley Griffin 0-0: Called Strike
0-1: Foul Ball, location: 2F
0-2: Ball
1-2: Ball
2-2: Ground out 4-3 (Groundball, 4M, EV 88.1 MPH)
Pinch Hitting: LHB John McGahey 0-0: Ball
1-0: Ball
2-0: Fly out, F7 (Flyball, 78S, EV 95.0 MPH)
Batting: RHB Bobby Ingram 0-0: Called Strike
0-1: Ball
1-1: Foul Ball, location: 2F
1-2: Strikes out swinging
Bottom of the 7th over - 0 runs, 0 hits, 0 errors, 0 left on base; Cleburne 2 - Bakersfield 1
TOP OF THE 8TH
Cleburne Railroaders batting - Pitching for Bakersfield Otters : RHP Mark Perkins
Now in RF: Jalen Allison
Batting: RHB Juan Resto 0-0: Ball
1-0: Called Strike
1-1: Ball
2-1: Fly out, F7 (Flyball, 7, EV 84.4 MPH)
Batting: RHB Bob Reeder 0-0: Called Strike
0-1: Ball
1-1: Swinging Strike
1-2: Strikes out swinging
Pitching: RHP Freddy Capo
Batting: RHB Dave Eddins 0-0: Called Strike
0-1: Ball
1-1: Swinging Strike
1-2: Ball
2-2: Ball
3-2: Foul Ball, location: 9LSF
3-2: Foul Ball, location: 2F
3-2: Strikes out swinging
Top of the 8th over - 0 runs, 0 hits, 0 errors, 0 left on base; Cleburne 2 - Bakersfield 1
BOTTOM OF THE 8TH
Bakersfield Otters batting - Pitching for Cleburne Railroaders : RHP Mario Lugo
Batting: RHB Kyle Bausch 0-0: Called Strike
0-1: Called Strike
0-2: Strikes out swinging
Batting: LHB Bobby Trevino 0-0: Ball
1-0: Called Strike
1-1: Ground out 4-3 (Groundball, 34D, EV 100.0 MPH)
Batting: RHB Jesse Dykstra 0-0: Called Strike
0-1: Ball
1-1: Called Strike
1-2: Ball
2-2: TRIPLE (Flyball, 89XD, EV 96.9 MPH)
Pitching: RHP Jonathan Bidwell
Batting: RHB Juan Pena 0-0: Ball
1-0: Ball
2-0: Called Strike
2-1: Ball
3-1: Foul Ball, location: 23F
3-2: Base on Balls
Batting: RHB Alex Morales 0-0: Called Strike
0-1: Ball
1-1: Swinging Strike
1-2: Strikes out swinging
Bottom of the 8th over - 0 runs, 1 hit, 0 errors, 2 left on base; Cleburne 2 - Bakersfield 1
TOP OF THE 9TH
Cleburne Railroaders batting - Pitching for Bakersfield Otters : RHP Freddy Capo
Batting: RHB Barry Gainey 0-0: Foul Ball, location: 5DF
0-1: Called Strike
0-2: Ball
1-2: Foul Ball, location: 3FF
1-2: Ball
2-2: Foul Ball, location: 3SF
2-2: Fly out, F7 (Flyball, 78M, EV 98.8 MPH)
Batting: SHB Hi-yuan Fan 0-0: SINGLE (Flyball, 8RS, EV 90.6 MPH)
Batting: RHB John Althoff 0-0: Ground out 5-3 (Groundball, 56S, EV 88.8 MPH)
Hi-yuan Fan to second
Batting: RHB Ryan Hewitt 0-0: Called Strike
0-1: Ball
1-1: TRIPLE (Groundball, 3L, EV 107.5 MPH)
Hi-yuan Fan scores
Batting: SHB Jeff Laster 0-0: Called Strike
0-1: Foul Ball, location: 2F
0-2: Ball
Wild Pitch!
Ryan Hewitt scores
1-2: Foul Ball, location: 2F
1-2: Strikes out swinging
Top of the 9th over - 2 runs, 2 hits, 0 errors, 0 left on base; Cleburne 4 - Bakersfield 1
BOTTOM OF THE 9TH
Bakersfield Otters batting - Pitching for Cleburne Railroaders : RHP Jonathan Bidwell
Batting: RHB Brandon Walls 0-0: Ball
1-0: Ball
2-0: Swinging Strike
2-1: Called Strike
2-2: Strikes out swinging
Batting: RHB Stanley Griffin 0-0: Ball
1-0: Ground out 4-3 (Groundball, 4, EV 89.4 MPH)
Batting: SHB Jalen Allison 0-0: Ball
1-0: Called Strike
1-1: Ball
2-1: Ball
3-1: Called Strike
3-2: Base on Balls
Batting: RHB Bobby Ingram 0-0: Called Strike
0-1: Foul Ball, location: 7LMFF
0-2: Ball
1-2: Foul Ball, location: 25F
1-2: Ground out 5-3 (Groundball, 56S, EV 66.9 MPH)
Bottom of the 9th over - 0 runs, 0 hits, 0 errors, 1 left on base; Cleburne 4 - Bakersfield 1
Sunday, April 7th , 2024 - OOTP Baseball 24.11 Build 85